 Dungeon Crawl Stone Soup version 0.31-a0-152-g6aa68a64a1 (webtiles) character file.

Game seed: 4172283987747209127

119 Jeffwins the Ducker (level 5, -1/33 HPs)
             Began as an Octopode Wanderer on June 9, 2023.
             Slain by a gnoll
             ... wielding a +0 spear
              (6 damage)
             ... on level 3 of the Dungeon.
             The game lasted 00:03:33 (3008 turns).

Jeffwins the Ducker (Octopode Wanderer)             Turns: 3008, Time: 00:03:34

Health: -1/33      AC:  1    Str:  8    XL:     5   Next: 3%
Magic:  1/7        EV: 14    Int: 20    God:
Gold:   59         SH:  0    Dex: 11    Spells: 3/7 levels left

rFire   . . .        l - staff of earth
rCold   . . .        (no shield)
rNeg    + . .        c - +0 hat
rPois   .            (no amulet)
rElec   .            N - ring of positive energy
rCorr   .            (no ring)
SInv    .            (no ring)
Will    .....        (no ring)
Stlth   +++          (no ring)
HPRegen 0.25/turn    (no ring)
MPRegen 0.10/turn    (no ring)
                     (no ring)

%: no passive effects
@: no status effects
A: almost no armour, amphibious, 8 rings, camouflage 1, gelatinous body 1,
(nimble swimmer 1), tentacles
a: no special abilities


You were on level 3 of the Dungeon.
You visited 1 branch of the dungeon, and saw 3 of its levels.

You collected 147 gold pieces.
You spent 88 gold pieces at shops.


Innate Abilities, Weirdness & Mutations

You cannot wear most types of armour.
You are amphibious.
You can wear up to eight rings at the same time.
Your skin changes colour to match your surroundings (Stealth+).
Your rubbery body absorbs attacks. (AC +1, EV +1)
((You are camouflaged when in or above water. (Stealth+)))
You have tentacles for arms and can constrict up to eight enemies at once.


   Skills:
 + Level 1.0 Fighting
 + Level 4.2 Dodging
 + Level 2.2 Stealth
 * Level 1.6 Spellcasting
 * Level 1.4 Conjurations
 * Level 1.9 Fire Magic
 * Level 1.4 Ice Magic
 * Level 3.4 Earth Magic


You had 3 spell levels left.
You knew the following spells:

 Your Spells              Type           Power      Damage    Failure   Level
x - Stone Arrow           Conj/Erth      34%        3d9       19%         3
z - Foxfire               Conj/Fire      32%        2x1d5     9%          1

Your spell library contained the following spells:

 Spells                   Type           Power      Damage    Failure   Level
 Sandblast                Erth           46%        2d11      4%          1
 Volatile Blastmotes      Fire/Tloc      10%        2d10      32%         3
 Petrify                  Tmut/Erth      12%        N/A       63%         4
 Simulacrum               Ice/Necr       2%         N/A       100%        6
 Ozocubu's Refrigeration  Ice            3%         4d8       100%        7
 Polar Vortex             Ice            3%         N/A       100%        9

Inventory:

Hand Weapons
 a - a +0 dagger
 j - a +0 flail of protection
Missiles
 e - 6 poisoned darts
Armour
 c - a +0 hat (worn)
Magical Staves
 l - a staff of earth (weapon)
Jewellery
 H - an amulet of faith {!P}
 N - a ring of positive energy (left tentacle)
Scrolls
 f - a scroll of teleportation {unknown}
 g - a scroll of poison {unknown}
 h - a scroll of identify {unknown}
 k - a scroll of brand weapon {unknown}
Potions
 b - a potion of berserk rage {!q}
 d - a potion of resistance {unknown}
 i - 2 potions of curing {unknown}
 m - a potion of heal wounds {unknown}
 n - a potion of mutation {!q}

Dungeon Overview and Level Annotations

Branches:
Dungeon (3/15)

Altars:

Shops:
D:3

! #.#..#### ##....#..#
######..>....###### ####
#.......#.##.....<##....
..#...#.#.##............
....###.#.#.............
....).....#...gg........
######..)......v.§......
######...#§@§......
#...#§.v......
##...#.........
#...##.........
##...##...##....
##...####### ####
##...## #...##
#######...#


You could see 2 gnolls.


Message History

The now-empty wand crumbles to dust.
The grasping roots constrict you.
Casting: Foxfire (safe; 9% risk of failure)
Confirm with . or Enter, or press ? or * to list all spells.
You conjure some foxfire!
The foxfire hits the gnoll but does no damage.
The gnoll is severely wounded.
The gnoll hits you from afar with a +0 spear!
* * * LOW HITPOINT WARNING * * *
The grasping roots constrict you.
* * * LOW HITPOINT WARNING * * *
The foxfire hits the gnoll.
The gnoll is moderately wounded.
The grasping roots release their grip on you.
Casting: Foxfire (safe; 9% risk of failure)
Confirm with . or Enter, or press ? or * to list all spells.
You conjure some foxfire!
The foxfire hits the gnoll.
The gnoll is heavily wounded.
The foxfire hits the gnoll.
The gnoll is heavily wounded.
The gnoll misses you.
The gnoll throws a stone.
The stone hits you.
* * * LOW HITPOINT WARNING * * *
Casting: Foxfire (safe; 9% risk of failure)
Confirm with . or Enter, or press ? or * to list all spells.
You conjure some foxfire!
The foxfire hits the gnoll but does no damage.
The gnoll is heavily wounded.
The foxfire hits the gnoll but does no damage.
The gnoll is heavily wounded.
The gnoll hits you from afar with a +0 spear.
You die...

Skill      XL: |  1  2  3  4 |
---------------+-------------+-----
Conjurations   | 1 |  1.4
Ice Magic      | 1 |  1.4
Stealth        | 2 |  2.2
Fighting       | 1 |  1.0
Dodging        | |  4.2
Spellcasting   | |  1.6
Fire Magic     | |  1.9
Earth Magic    | |  3.4

Action                     |  1- 3 |  4- 6 || total
---------------------------+-------+-------++-------
  Melee: Dagger            |    24 |       ||    24
         Tentacles         |    13 |     1 ||    14
         Constrict         |     8 |     3 ||    11
         Flail             |     5 |       ||     5
         Staff             |     8 |    14 ||    22
   Cast: Foxfire           |    27 |    55 ||    82
         Stone Arrow       |     1 |       ||     1
   Stab: Sleeping          |     6 |     2 ||     8
 Armour: Skin              |     3 |     2 ||     5
  Dodge: Dodged            |    21 |    25 ||    46

Levels and vault maps discovered:
D:1:      psy_arrival_radial02, layout_loops_cross, minmay_stone_trees_medium
D:2:      layout_loops_corners, hellmonk_ecumenical_altar_run_dry
D:3:      layout_rooms, serial_curves, eino_curves_02, eino_curves_03,
          eino_curves_04, serial_shops, nicolae_shop_industrial_runoff

Notes
Turn   | Place    | Note
-------+----------+-------------------------------------------
     0 | D:1      | Jeffwins the Octopode Wanderer began the quest for the Orb.
     0 | D:1      | Jeffwins set off with the following items: a +0 dagger, a
                  | potion of berserk rage {!q}, a +0 hat; and the following
                  | spells available to memorise: Sandblast, Foxfire, Stone
                  | Arrow, Volatile Blastmotes, Petrify.
     0 | D:1      | Reached XP level 1. HP: 11/11 MP: 2/2
     2 | D:1      | Learned a level 1 spell: Foxfire
   341 | D:1      | Reached XP level 2. HP: 17/17 MP: 3/3
  1221 | D:2      | Found a faded altar of an unknown god.
  1297 | D:2      | Reached XP level 3. HP: 22/22 MP: 1/4
  1338 | D:2      | Learned a level 3 spell: Stone Arrow
  1691 | D:2      | Reached skill level 1 in Conjurations
  1733 | D:2      | Reached skill level 1 in Ice Magic
  1733 | D:2      | Reached XP level 4. HP: 27/27 MP: 0/6
  1989 | D:2      | Reached skill level 2 in Stealth
  2606 | D:3      | Found Ynoequ's Distillery.
  2613 | D:3      | Bought a potion of mutation for 88 gold pieces
  2742 | D:3      | Reached skill level 1 in Fighting
  2774 | D:3      | Reached XP level 5. HP: 22/33 MP: 0/7
  3008 | D:3      | Slain by a gnoll

Vanquished Creatures
  6 gnolls
  2 adders
  8 endoplasms
  2 giant cockroaches
  5 goblins
  2 hobgoblins
  A quokka (D:1)
  5 ball pythons
  5 bats
  2 frilled lizards (D:2)
  7 kobolds
  A rat (D:1)
46 creatures vanquished.

Vanquished Creatures (others)
  143 foxfires
143 creatures vanquished.

Grand Total: 189 creatures vanquished

Table legend: (Time is in decaauts)
 A = Elapsed time spent in this place.
 B = Non-inter-level travel time spent in this place.
 C = Inter-level travel time spent in this place.
 D = Time resting spent in this place.
 E = Time spent auto-exploring this place.
 F = Levels seen in this place.
 G = Mean time per level.
                   A        B        C        D        E       F      G
               +--------+--------+--------+--------+--------+-----+--------+
         Total |   3013 |   2909 |    104 |    208 |   2312 |   3 | 1004.3 |
       Dungeon |   3013 |   2909 |    104 |    208 |   2312 |   3 | 1004.3 |
               +--------+--------+--------+--------+--------+-----+--------+

Top non-repeatable levels by time:
     D:2: 1555 daAuts
     D:1: 911 daAuts
     D:3: 547 daAuts

Table legend:
 A = Non-vault XP
 B = Vault XP
 C = Vault XP percentage of total XP
 D = Non-vault monster count
 E = Vault monster count
 F = Vault count percentage of total count
                 A         B        C        D         E       F
            +---------+---------+-------+---------+---------+-------
      Total |     171 |       0 |   0.0 |      46 |       0 |   0.0
            +---------+---------+-------+---------+---------+-------
        D:1 |      23 |       0 |   0.0 |      15 |       0 |   0.0
        D:2 |      90 |       0 |   0.0 |      19 |       0 |   0.0
        D:3 |      58 |       0 |   0.0 |      12 |       0 |   0.0
            +---------+---------+-------+---------+---------+-------
